 Dungeon Crawl Stone Soup version 0.21-a0-205-ge9f4a53 (webtiles) character file.

73 Leibowitz the Poker (level 4, 37/37 HPs)
             Began as a Minotaur Gladiator on Aug 20, 2017.
             Quit the game on level 3 of the Dungeon.
             The game lasted 00:03:50 (2079 turns).

Leibowitz the Poker (Minotaur Gladiator)            Turns: 2079, Time: 00:03:51

Health: 37/37      AC:  6    Str: 18    XL:     4   Next: 8%
Magic:  3/3        EV: 13    Int:  5    God:
Gold:   103        SH:  0    Dex: 13    Spells: 3/3 levels left

rFire    . . .     SeeInvis .   a - +0 trident
rCold    . . .     Gourm    .   (no shield)
rNeg     . . .     Faith    .   b - +0 leather armour
rPois    .         Spirit   .   c - +1 hat
rElec    .         Reflect  .   v - +0 cloak
rCorr    .         Harm     .   k - +0 pair of gloves
MR       .....                  (no boots)
Stlth    +.........             (no amulet)
HPRegen  0.12/turn              (no ring)
MPRegen  0.08/turn              (no ring)

@: no status effects
A: retaliatory headbutt, horns 2
a: no special abilities


You were on level 3 of the Dungeon.
You were not hungry.

You visited 1 branch of the dungeon, and saw 3 of its levels.

You collected 103 gold pieces.

Inventory:

Hand Weapons
 a - a +0 trident (weapon)
Missiles
 d - 3 throwing nets (quivered)
Armour
 b - a +0 leather armour (worn)
 c - a +1 hat (worn)
 k - a +0 pair of gloves (worn)
 v - a +0 cloak (worn)
Scrolls
 l - 4 scrolls of identify
 n - 2 scrolls of teleportation {unknown}
 o - a scroll of enchant weapon {unknown}
 p - 2 scrolls of magic mapping {unknown}
 r - a scroll of recharging {unknown}
Potions
 e - 2 potions of haste {unknown}
 g - 4 potions of heal wounds
 i - 2 potions of might {unknown}
 j - a potion of berserk rage {unknown}
 m - 4 potions of agility {unknown}
 q - a potion of curing {unknown}
 t - 2 potions of degeneration {unknown}
Comestibles
 f - a bread ration
 h - 3 royal jellies
 s - a meat ration


   Skills:
 * Level 2.9 Fighting
 * Level 4.7 Polearms
 - Level 2.0 Throwing
 * Level 4.0 Dodging
 * Level 1.0 Stealth


You had 3 spell levels left.
You didn't know any spells.

Dungeon Overview and Level Annotations

Branches:
Dungeon (3/15)

Altars:


Innate Abilities, Weirdness & Mutations

You reflexively headbutt those who attack you in melee.
You have a pair of horns on your head.


Message History

The adder is moderately wounded.
The adder misses you. You furiously retaliate!
You headbutt the adder. You miss the adder.
The adder is heavily wounded.
The adder bites you but does no damage.
You miss the adder.
The adder is heavily wounded.
The adder bites you but does no damage. The adder barely misses you.
You barely miss the adder.
The adder is heavily wounded.
The adder bites you but does no damage.
You miss the adder. You headbutt the adder.
You kill the adder!
You have reached level 4!
You feel agile.
Eating a chunk of flesh.
You eat the chunk of flesh.
This raw flesh tastes terrible. 2 bats come into view.
Unknown command.
Are you sure you want to abandon this character and quit the game? (Confirm with "yes".)

#.#.# #.# #. #.#.#
#.# #. #.#.#
#.##### #b #.#.#
#...... #b #.#.#
#.##### #. #.#.#
#.# #.
#.#.###.#####
#.#####.#...#......
#.@.....###.#.....#
######### #.'......
#....# ###.....#
#.##.# #######
#.##.# #.##.#
#.##.# #.##.#
#.##.#


You could see 2 bats.

Vanquished Creatures
  4 adders
  An ooze (D:1)
  A worm (D:2)
  A dart slug (D:2)
  A leopard gecko (D:1)
  4 giant cockroaches
  4 goblins
  3 hobgoblins (D:2)
  A jackal (D:2)
  6 bats
  2 kobolds
  3 rats
31 creatures vanquished.

Notes
Turn   | Place    | Note
-------+----------+-------------------------------------------
     0 | D:1      | Leibowitz the Minotaur Gladiator began the quest for the Orb.
     0 | D:1      | Reached XP level 1. HP: 18/18 MP: 0/0
   508 | D:1      | Reached XP level 2. HP: 25/25 MP: 1/1
   733 | D:2      | Reached XP level 3. HP: 30/30 MP: 2/2
  1325 | D:2      | Reached skill level 1 in Stealth
  2049 | D:3      | Reached XP level 4. HP: 37/37 MP: 3/3
  2079 | D:3      | Quit the game

Vault maps used:
D:1:      nzn_arrival_depleted_hourglass

Skill      XL: |  1  2  3 |
---------------+----------+-----
Polearms       | 4 |  4.7
Dodging        | 4 |  4.0
Stealth        | 1 |  1.0
Fighting       | |  2.9
Throwing       | |  2.0

Action                   |  1- 3 |  4- 6 || total
-------------------------+-------+-------++-------
Melee: Trident           |    68 |       ||    68
       Headbutt          |     7 |       ||     7
  Use: Scroll            |     4 |       ||     4
  Eat: Chunk             |     3 |     1 ||     4
Armor: Leather armour    |    16 |       ||    16
Dodge: Dodged            |    41 |       ||    41
